[ AOE2 MATCH · #481526888 ]
UnrankedIncas vs Berbers
[ REPLAY ANALYSIS · EXTRACTED FROM THE RECORDED GAME ]
Feudal
16:31
Castle
22:30
Imperial
37:28
| APM avg | 23.3 |
| APM peak | 72 |
| eAPM avg | 17.8 |
| Villagers / military | 264 / 441 |
Focus
⚔️ 46.3% · 🌾 53.7%
Spearman ×411 · Kamayuk ×28 · Unknown (2550) ×15 · Trebuchet (Packed) ×2
Feudal
16:43
Castle
20:39
Imperial
37:39
| APM avg | 25.5 |
| APM peak | 61 |
| eAPM avg | 17.6 |
| Villagers / military | 214 / 1177 |
Focus
⚔️ 33.9% · 🌾 66.1%
Militia ×654 · Skirmisher ×270 · Spearman ×248 · Trebuchet (Packed) ×5
Feudal
15:12
Castle
24:21
Imperial
40:08
| APM avg | 19.1 |
| APM peak | 51 |
| eAPM avg | 11.5 |
| Villagers / military | 103 / 130 |
Focus
⚔️ 33.0% · 🌾 67.0%
Spearman ×44 · Militia ×43 · Camel Archer ×16 · Camel Scout ×11 · Cavalry Archer ×10 · Battering Ram ×5
Feudal
13:30
Castle
19:54
Imperial
34:07
| APM avg | 16.7 |
| APM peak | 53 |
| eAPM avg | 10.7 |
| Villagers / military | 115 / 55 |
Focus
⚔️ 12.9% · 🌾 87.1%
Camel Scout ×53 · Ghulam ×2
Feudal
16:31
Castle
20:42
Imperial
34:42
| APM avg | 20.0 |
| APM peak | 49 |
| eAPM avg | 14.7 |
| Villagers / military | 174 / 350 |
Focus
⚔️ 49.7% · 🌾 50.3%
Ratha (Ranged) ×133 · Battle Elephant ×100 · Skirmisher ×33 · Armored Elephant ×33 · Scout Cavalry ×25 · Trebuchet (Packed) ×14
Feudal
15:39
Castle
20:09
Imperial
33:56
| APM avg | 26.7 |
| APM peak | 51 |
| eAPM avg | 16.0 |
| Villagers / military | 149 / 503 |
Focus
⚔️ 39.0% · 🌾 61.0%
Knight ×246 · Spearman ×180 · Skirmisher ×68 · Trebuchet (Packed) ×7 · Mangonel ×2
Match map
Initial resources + every placement click. Lines = walls · curves = elevation contours. ◆ gold · ⬟ stone · ● berries · ✦ relic · ◌ wall gap
Your base· Open — 14t gap
k103671's base· Open — unwalled flank
848438295's base· Open — 7t gap
tuankiet's base· Open — 9t gap
IcedTrain's base· Open — unwalled flank
crazyride888's base· Open — 14t gap
Smoothed initial terrain · ◌ = detected wall gap · hover for details
Inputs per minute
— 阿翔悠 - - k103671
Build order — 阿翔悠
First 150 of 964 actions detected
| 1:26 | Build | Town Center |
| 3:30 | Create | Villager (Male) |
| 3:30 | Create | Villager (Male) |
| 3:30 | Create | Villager (Male) |
| 3:32 | Research | Loom |
| 3:33 | Create | Villager (Male) |
| 3:33 | Create | Villager (Male) |
| 4:25 | Build | House |
| 4:30 | Create | Villager (Male) |
| 4:30 | Create | Villager (Male) |
| 4:30 | Create | Villager (Male) |
| 4:53 | Build | House |
| 4:55 | Build | House |
| 5:24 | Create | Villager (Male) |
| 6:03 | Create | Villager (Male) |
| 6:31 | Create | Villager (Male) |
| 6:57 | Create | Villager (Male) |
| 7:24 | Create | Villager (Male) |
| 8:28 | Create | Villager (Male) |
| 8:28 | Create | Villager (Male) |
| 9:20 | Create | Villager (Male) |
| 9:21 | Create | Villager (Male) |
| 9:47 | Create | Villager (Male) |
| 9:47 | Create | Villager (Male) |
| 9:47 | Create | Villager (Male) |
| 9:47 | Create | Villager (Male) |
| 9:48 | Create | Villager (Male) |
| 9:49 | Create | Villager (Male) |
| 10:11 | Create | Villager (Male) |
| 10:22 | Build | House |
| 10:28 | Build | House |
| 11:10 | Create | Villager (Male) |
| 12:27 | Build | Settlement |
| 13:22 | Create | Villager (Male) |
| 13:22 | Create | Villager (Male) |
| 13:58 | Build | Palisade Wall |
| 14:12 | Research | Feudal Age |
| 14:12 | Research | Feudal Age |
| 15:41 | Build | Settlement |
| 15:58 | Build | Palisade Wall |
| 16:13 | Build | Palisade Wall |
| 16:18 | Create | Villager (Male) |
| 16:18 | Create | Villager (Male) |
| 16:18 | Create | Villager (Male) |
| 16:19 | Create | Villager (Male) |
| 16:31 | Age | Feudal Age |
| 16:33 | Build | Palisade Wall |
| 16:42 | Build | Farm |
| 16:44 | Build | Farm |
| 16:45 | Build | Farm |
| 16:48 | Build | Farm |
| 16:49 | Build | Farm |
| 17:07 | Build | Palisade Wall |
| 17:17 | Build | House |
| 17:18 | Build | House |
| 17:47 | Build | Blacksmith |
| 18:21 | Build | Market |
| 18:27 | Create | Villager (Male) |
| 18:27 | Create | Villager (Male) |
| 18:28 | Create | Villager (Male) |
| 18:28 | Create | Villager (Male) |
| 18:33 | Build | House |
| 18:35 | Build | House |
| 19:19 | Build | House |
| 19:20 | Build | House |
| 19:22 | Build | House |
| 19:23 | Build | House |
| 19:26 | Build | House |
| 19:50 | Research | Castle Age |
| 20:03 | Build | House |
| 20:04 | Build | House |
| 20:06 | Build | House |
| 20:07 | Build | House |
| 20:08 | Build | House |
| 20:16 | Build | House |
| 20:17 | Build | House |
| 20:45 | Build | Farm |
| 20:47 | Build | Farm |
| 20:48 | Build | Farm |
| 20:49 | Build | Farm |
| 20:51 | Build | Farm |
| 20:53 | Build | Farm |
| 20:54 | Build | Farm |
| 20:56 | Build | Farm |
| 20:58 | Build | Farm |
| 21:51 | Create | Villager (Male) |
| 21:51 | Create | Villager (Male) |
| 21:51 | Create | Villager (Male) |
| 21:51 | Create | Villager (Male) |
| 21:51 | Create | Villager (Male) |
| 21:58 | Build | House |
| 22:00 | Build | House |
| 22:01 | Build | House |
| 22:02 | Build | House |
| 22:03 | Build | House |
| 22:04 | Build | House |
| 22:08 | Build | House |
| 22:09 | Build | House |
| 22:16 | Build | House |
| 22:17 | Build | House |
| 22:30 | Age | Castle Age |
| 23:12 | Build | House |
| 23:13 | Build | House |
| 23:13 | Build | House |
| 23:16 | Build | House |
| 23:17 | Build | House |
| 23:19 | Build | House |
| 23:22 | Build | House |
| 23:29 | Create | Villager (Male) |
| 23:29 | Create | Villager (Male) |
| 24:00 | Build | Town Center |
| 24:04 | Create | Villager (Male) |
| 24:04 | Create | Villager (Male) |
| 24:05 | Create | Villager (Male) |
| 24:54 | Create | Villager (Male) |
| 24:54 | Create | Villager (Male) |
| 24:55 | Create | Villager (Male) |
| 24:55 | Create | Villager (Male) |
| 24:55 | Create | Villager (Male) |
| 24:59 | Create | Villager (Male) |
| 25:00 | Create | Villager (Male) |
| 25:02 | Create | Villager (Male) |
| 25:02 | Create | Villager (Male) |
| 25:03 | Create | Villager (Male) |
| 25:03 | Create | Villager (Male) |
| 26:33 | Build | Town Center |
| 26:39 | Create | Villager (Male) |
| 26:39 | Create | Villager (Male) |
| 26:41 | Create | Villager (Male) |
| 26:41 | Create | Villager (Male) |
| 26:41 | Create | Villager (Male) |
| 26:51 | Research | Horse Collar |
| 26:51 | Research | Double-Bit Axe |
| 27:24 | Build | Farm |
| 27:25 | Build | Farm |
| 27:26 | Build | Farm |
| 27:27 | Build | Farm |
| 27:28 | Build | Farm |
| 27:30 | Build | Farm |
| 28:03 | Build | Outpost |
| 28:24 | Build | Stone Wall |
| 28:41 | Create | Villager (Male) |
| 28:41 | Create | Villager (Male) |
| 28:41 | Create | Villager (Male) |
| 28:42 | Create | Villager (Male) |
| 28:42 | Create | Villager (Male) |
| 28:42 | Create | Villager (Male) |
| 28:42 | Create | Villager (Male) |
| 28:43 | Create | Villager (Male) |
| 29:29 | Build | Stone Wall |
Build order — k103671
First 150 of 876 actions detected
| 1:12 | Build | Town Center |
| 1:57 | Build | House |
| 3:16 | Create | Villager (Male) |
| 3:16 | Create | Villager (Male) |
| 3:17 | Create | Villager (Male) |
| 3:17 | Create | Villager (Male) |
| 3:17 | Create | Villager (Male) |
| 3:20 | Research | Loom |
| 4:19 | Build | House |
| 4:25 | Build | House |
| 5:06 | Create | Villager (Male) |
| 5:38 | Create | Villager (Male) |
| 6:06 | Create | Villager (Male) |
| 6:06 | Create | Villager (Male) |
| 6:21 | Create | Villager (Male) |
| 6:56 | Create | Villager (Male) |
| 7:09 | Create | Villager (Male) |
| 7:09 | Create | Villager (Male) |
| 7:37 | Build | House |
| 7:40 | Build | House |
| 7:49 | Build | House |
| 7:54 | Build | Palisade Wall |
| 7:58 | Build | Palisade Gate |
| 8:04 | Create | Villager (Male) |
| 8:33 | Create | Villager (Male) |
| 8:33 | Create | Villager (Male) |
| 8:33 | Create | Villager (Male) |
| 8:33 | Create | Villager (Male) |
| 9:35 | Build | Mill |
| 9:41 | Create | Villager (Male) |
| 9:41 | Create | Villager (Male) |
| 10:42 | Create | Villager (Male) |
| 10:43 | Create | Villager (Male) |
| 11:02 | Build | House |
| 11:04 | Build | House |
| 11:12 | Create | Villager (Male) |
| 11:26 | Build | Farm |
| 11:43 | Create | Villager (Male) |
| 11:48 | Build | House |
| 11:55 | Create | Villager (Male) |
| 12:23 | Build | House |
| 12:28 | Build | Palisade Wall |
| 12:39 | Build | Palisade Gate |
| 12:45 | Build | House |
| 12:46 | Build | Palisade Wall |
| 12:53 | Build | Palisade Gate |
| 12:56 | Build | Palisade Wall |
| 13:04 | Create | Villager (Male) |
| 13:13 | Build | Mining Camp |
| 13:39 | Build | Mining Camp |
| 13:43 | Create | Villager (Male) |
| 14:07 | Create | Villager (Male) |
| 14:24 | Research | Feudal Age |
| 14:24 | Create | Villager (Male) |
| 14:25 | Create | Villager (Male) |
| 14:25 | Create | Villager (Male) |
| 14:48 | Build | House |
| 15:46 | Build | Farm |
| 15:48 | Build | Farm |
| 16:02 | Build | House |
| 16:07 | Build | House |
| 16:08 | Build | House |
| 16:10 | Build | House |
| 16:17 | Build | House |
| 16:34 | Build | Farm |
| 16:43 | Age | Feudal Age |
| 16:51 | Build | Market |
| 16:59 | Build | Blacksmith |
| 17:26 | Build | House |
| 17:27 | Build | House |
| 17:34 | Build | House |
| 17:38 | Build | House |
| 17:38 | Build | House |
| 17:59 | Research | Castle Age |
| 18:00 | Create | Villager (Male) |
| 18:35 | Build | House |
| 18:38 | Build | House |
| 18:45 | Create | Villager (Male) |
| 18:58 | Build | Lumber Camp |
| 19:10 | Research | Double-Bit Axe |
| 19:16 | Research | Horse Collar |
| 19:28 | Build | Farm |
| 19:29 | Build | Farm |
| 19:31 | Build | Farm |
| 19:33 | Build | Farm |
| 19:35 | Build | Farm |
| 20:05 | Build | Gate |
| 20:13 | Build | Stone Wall |
| 20:27 | Build | Stone Wall |
| 20:32 | Build | Gate |
| 20:38 | Build | Stone Wall |
| 20:39 | Age | Castle Age |
| 20:40 | Create | Villager (Male) |
| 21:06 | Build | Town Center |
| 21:27 | Build | Town Center |
| 21:31 | Research | Bow Saw |
| 21:37 | Create | Villager (Male) |
| 21:37 | Create | Villager (Male) |
| 21:49 | Create | Villager (Male) |
| 22:03 | Build | Farm |
| 23:19 | Create | Villager (Male) |
| 23:19 | Create | Villager (Male) |
| 23:21 | Create | Villager (Male) |
| 23:21 | Create | Villager (Male) |
| 23:21 | Create | Villager (Male) |
| 23:28 | Create | Villager (Male) |
| 23:28 | Create | Villager (Male) |
| 23:28 | Create | Villager (Male) |
| 23:29 | Create | Villager (Male) |
| 23:37 | Build | Farm |
| 23:38 | Build | Farm |
| 23:40 | Build | Farm |
| 23:42 | Build | Farm |
| 23:44 | Build | Farm |
| 23:45 | Build | Farm |
| 23:47 | Create | Villager (Male) |
| 24:02 | Build | Stone Wall |
| 24:06 | Create | Villager (Male) |
| 24:22 | Create | Villager (Male) |
| 24:27 | Build | Farm |
| 24:29 | Build | Farm |
| 24:31 | Build | Farm |
| 24:32 | Build | Farm |
| 24:33 | Build | Farm |
| 24:33 | Build | Farm |
| 24:34 | Build | Farm |
| 24:34 | Build | Farm |
| 24:34 | Build | Farm |
| 24:34 | Build | Farm |
| 24:35 | Build | Farm |
| 24:35 | Build | Farm |
| 24:35 | Build | Farm |
| 24:36 | Build | Farm |
| 24:36 | Build | Farm |
| 24:36 | Build | Farm |
| 24:36 | Build | Farm |
| 24:37 | Build | Farm |
| 24:37 | Build | Farm |
| 24:37 | Build | Farm |
| 24:38 | Build | Farm |
| 24:39 | Build | Farm |
| 24:39 | Build | Farm |
| 24:39 | Build | Farm |
| 24:39 | Build | Farm |
| 24:40 | Build | Farm |
| 24:40 | Build | Farm |
| 24:41 | Build | Farm |
| 24:41 | Build | Farm |
| 24:42 | Build | Farm |
| 24:42 | Build | Farm |
Build order — 848438295
First 150 of 345 actions detected
| 0:51 | Build | Lumber Camp |
| 2:02 | Build | Town Center |
| 2:20 | Build | House |
| 2:26 | Build | House |
| 2:30 | Build | House |
| 4:22 | Create | Villager (Male) |
| 4:23 | Create | Villager (Male) |
| 4:23 | Create | Villager (Male) |
| 4:24 | Create | Villager (Male) |
| 4:24 | Create | Villager (Male) |
| 5:41 | Build | House |
| 5:53 | Create | Villager (Male) |
| 5:53 | Create | Villager (Male) |
| 6:19 | Research | Loom |
| 6:55 | Create | Villager (Male) |
| 6:55 | Create | Villager (Male) |
| 7:17 | Create | Villager (Male) |
| 7:18 | Create | Villager (Male) |
| 7:52 | Create | Villager (Male) |
| 7:52 | Create | Villager (Male) |
| 8:34 | Create | Villager (Male) |
| 8:35 | Create | Villager (Male) |
| 8:35 | Create | Villager (Male) |
| 9:01 | Create | Villager (Male) |
| 9:01 | Create | Villager (Male) |
| 9:01 | Create | Villager (Male) |
| 9:02 | Create | Villager (Male) |
| 9:16 | Build | Mill |
| 9:30 | Create | Villager (Male) |
| 9:31 | Create | Villager (Male) |
| 9:31 | Create | Villager (Male) |
| 9:31 | Create | Villager (Male) |
| 9:32 | Create | Villager (Male) |
| 10:20 | Create | Villager (Male) |
| 10:20 | Create | Villager (Male) |
| 11:42 | Build | Mill |
| 12:27 | Build | Lumber Camp |
| 13:02 | Research | Feudal Age |
| 13:35 | Build | Mining Camp |
| 14:45 | Build | Barracks |
| 15:05 | Create | Villager (Male) |
| 15:06 | Create | Villager (Male) |
| 15:06 | Create | Villager (Male) |
| 15:07 | Create | Villager (Male) |
| 15:08 | Create | Villager (Male) |
| 15:12 | Age | Feudal Age |
| 15:29 | Build | Market |
| 15:52 | Build | Lumber Camp |
| 16:32 | Build | House |
| 16:35 | Build | House |
| 16:36 | Build | House |
| 16:58 | Build | Blacksmith |
| 17:13 | Build | House |
| 17:15 | Build | House |
| 17:27 | Build | Palisade Gate |
| 17:32 | Build | House |
| 17:36 | Build | House |
| 17:37 | Build | House |
| 18:17 | Build | Farm |
| 18:18 | Build | Farm |
| 18:20 | Build | Farm |
| 18:22 | Build | Farm |
| 18:23 | Build | Farm |
| 18:25 | Build | Farm |
| 18:31 | Build | Farm |
| 19:00 | Build | Farm |
| 19:36 | Build | Farm |
| 20:06 | Build | Archery Range |
| 21:12 | Build | Farm |
| 21:14 | Build | Farm |
| 21:41 | Research | Castle Age |
| 22:15 | Build | Stone Wall |
| 22:39 | Build | Stable |
| 22:50 | Build | Gate |
| 23:21 | Research | Double-Bit Axe |
| 23:22 | Research | Horse Collar |
| 23:27 | Research | Gold Mining |
| 24:18 | Create | Villager (Male) |
| 24:18 | Create | Villager (Male) |
| 24:19 | Create | Villager (Male) |
| 24:19 | Create | Villager (Male) |
| 24:20 | Create | Villager (Male) |
| 24:21 | Age | Castle Age |
| 24:37 | Build | Siege Workshop |
| 25:12 | Create | Scout Cavalry |
| 25:34 | Research | Bow Saw |
| 25:57 | Create | Battering Ram |
| 26:03 | Create | Villager (Male) |
| 26:03 | Create | Villager (Male) |
| 26:24 | Build | Gate |
| 26:57 | Create | Villager (Male) |
| 26:57 | Create | Villager (Male) |
| 26:58 | Create | Villager (Male) |
| 27:02 | Create | Battering Ram |
| 27:32 | Build | Castle |
| 27:51 | Create | Villager (Male) |
| 27:51 | Create | Villager (Male) |
| 27:52 | Create | Villager (Male) |
| 27:53 | Create | Villager (Male) |
| 28:25 | Create | Villager (Male) |
| 28:26 | Create | Villager (Male) |
| 28:54 | Create | Battering Ram |
| 29:08 | Build | Farm |
| 29:08 | Build | Farm |
| 29:27 | Build | Farm |
| 29:27 | Build | Farm |
| 29:53 | Create | Battering Ram |
| 30:11 | Research | Heavy Plow |
| 30:16 | Create | Villager (Male) |
| 30:16 | Create | Villager (Male) |
| 31:03 | Build | Town Center |
| 31:11 | Research | Wheelbarrow |
| 31:33 | Create | Camel Scout |
| 31:33 | Create | Camel Scout |
| 31:34 | Create | Camel Scout |
| 31:34 | Create | Camel Scout |
| 31:34 | Create | Camel Scout |
| 32:04 | Build | Lumber Camp |
| 32:21 | Research | Town Watch |
| 32:31 | Create | Villager (Male) |
| 32:31 | Create | Villager (Male) |
| 32:31 | Create | Villager (Male) |
| 32:32 | Create | Villager (Male) |
| 32:40 | Build | Farm |
| 32:42 | Build | Farm |
| 32:56 | Create | Camel Scout |
| 32:57 | Create | Camel Scout |
| 32:57 | Create | Camel Scout |
| 33:39 | Build | Town Center |
| 33:46 | Create | Villager (Male) |
| 33:46 | Create | Villager (Male) |
| 33:47 | Create | Villager (Male) |
| 33:47 | Create | Villager (Male) |
| 33:54 | Build | Farm |
| 33:55 | Build | Farm |
| 33:56 | Build | Farm |
| 33:57 | Build | Farm |
| 34:10 | Create | Battering Ram |
| 35:13 | Research | Hand Cart |
| 35:16 | Create | Villager (Male) |
| 35:16 | Create | Villager (Male) |
| 35:17 | Create | Villager (Male) |
| 36:15 | Create | Cavalry Archer |
| 36:16 | Create | Cavalry Archer |
| 36:16 | Create | Cavalry Archer |
| 36:16 | Create | Cavalry Archer |
| 36:17 | Create | Cavalry Archer |
| 36:17 | Create | Cavalry Archer |
| 36:18 | Create | Cavalry Archer |
| 36:18 | Create | Cavalry Archer |
Build order — tuankiet
First 150 of 345 actions detected
| 0:25 | Build | Town Center |
| 0:38 | Build | House |
| 0:39 | Build | House |
| 0:40 | Build | House |
| 2:45 | Create | Villager (Male) |
| 2:46 | Create | Villager (Male) |
| 2:46 | Create | Villager (Male) |
| 2:46 | Create | Villager (Male) |
| 2:46 | Create | Villager (Male) |
| 2:46 | Create | Villager (Male) |
| 3:39 | Research | Loom |
| 3:39 | Create | Villager (Male) |
| 3:40 | Create | Villager (Male) |
| 3:40 | Create | Villager (Male) |
| 4:19 | Create | Villager (Male) |
| 4:19 | Create | Villager (Male) |
| 4:19 | Create | Villager (Male) |
| 4:35 | Build | House |
| 4:43 | Build | House |
| 4:56 | Create | Villager (Male) |
| 4:56 | Create | Villager (Male) |
| 4:57 | Create | Villager (Male) |
| 5:29 | Create | Villager (Male) |
| 5:30 | Create | Villager (Male) |
| 5:30 | Create | Villager (Male) |
| 6:18 | Build | Lumber Camp |
| 6:24 | Create | Villager (Male) |
| 6:24 | Create | Villager (Male) |
| 6:24 | Create | Villager (Male) |
| 6:56 | Create | Villager (Male) |
| 6:56 | Create | Villager (Male) |
| 7:53 | Create | Villager (Male) |
| 7:53 | Create | Villager (Male) |
| 7:54 | Create | Villager (Male) |
| 8:18 | Build | House |
| 8:21 | Build | House |
| 8:28 | Create | Villager (Male) |
| 8:28 | Create | Villager (Male) |
| 8:29 | Create | Villager (Male) |
| 8:29 | Create | Villager (Male) |
| 8:30 | Create | Villager (Male) |
| 8:44 | Create | Villager (Male) |
| 8:44 | Create | Villager (Male) |
| 8:44 | Create | Villager (Male) |
| 9:12 | Build | Mill |
| 9:57 | Build | Mining Camp |
| 11:20 | Research | Feudal Age |
| 11:26 | Build | Mill |
| 11:49 | Build | Barracks |
| 12:29 | Build | Outpost |
| 12:34 | Create | Villager (Male) |
| 12:34 | Create | Villager (Male) |
| 13:12 | Create | Villager (Male) |
| 13:12 | Create | Villager (Male) |
| 13:30 | Age | Feudal Age |
| 13:37 | Build | Stable |
| 13:40 | Build | Market |
| 14:18 | Build | Mill |
| 14:37 | Build | Farm |
| 14:38 | Build | Farm |
| 14:38 | Build | Farm |
| 14:38 | Build | Farm |
| 14:38 | Build | Farm |
| 14:38 | Build | Farm |
| 14:39 | Build | Farm |
| 14:39 | Build | Farm |
| 14:39 | Build | Farm |
| 14:53 | Build | Farm |
| 14:54 | Build | Farm |
| 14:54 | Build | Farm |
| 14:54 | Build | Farm |
| 14:54 | Build | Farm |
| 14:57 | Create | Villager (Male) |
| 15:20 | Create | Villager (Male) |
| 15:24 | Build | Farm |
| 15:24 | Build | Farm |
| 15:25 | Build | Farm |
| 15:25 | Build | Farm |
| 15:25 | Build | Farm |
| 15:25 | Build | Farm |
| 15:26 | Build | Farm |
| 15:58 | Build | Farm |
| 16:00 | Build | Farm |
| 16:48 | Create | Villager (Male) |
| 16:59 | Build | Mill |
| 17:14 | Research | Castle Age |
| 18:03 | Build | Stable |
| 18:09 | Build | House |
| 18:18 | Research | Double-Bit Axe |
| 18:18 | Research | Double-Bit Axe |
| 18:36 | Build | Mill |
| 19:40 | Research | Horse Collar |
| 19:48 | Create | Villager (Male) |
| 19:48 | Create | Villager (Male) |
| 19:48 | Create | Villager (Male) |
| 19:49 | Create | Villager (Male) |
| 19:54 | Age | Castle Age |
| 20:14 | Build | Town Center |
| 20:39 | Create | Camel Scout |
| 21:06 | Create | Camel Scout |
| 21:06 | Create | Camel Scout |
| 21:10 | Create | Villager (Male) |
| 21:10 | Create | Villager (Male) |
| 21:11 | Research | Wheelbarrow |
| 21:43 | Build | House |
| 21:46 | Build | House |
| 21:47 | Build | House |
| 21:49 | Build | House |
| 21:54 | Create | Camel Scout |
| 21:54 | Create | Camel Scout |
| 21:54 | Create | Camel Scout |
| 21:59 | Create | Villager (Male) ×5 |
| 22:00 | Create | Villager (Male) |
| 22:23 | Create | Camel Scout |
| 22:23 | Create | Camel Scout |
| 22:56 | Build | Blacksmith |
| 23:12 | Create | Villager (Male) |
| 23:12 | Create | Villager (Male) |
| 23:13 | Create | Villager (Male) |
| 24:01 | Build | Mill |
| 24:04 | Build | Farm |
| 24:04 | Build | Farm |
| 24:04 | Build | Farm |
| 24:05 | Build | Farm |
| 24:05 | Build | Farm |
| 24:05 | Build | Farm |
| 24:11 | Research | Scale Barding Armor |
| 24:12 | Research | Forging |
| 24:21 | Build | Town Center |
| 24:44 | Create | Villager (Male) |
| 24:45 | Create | Villager (Male) |
| 24:45 | Create | Villager (Male) |
| 25:17 | Build | Farm |
| 25:17 | Build | Farm |
| 25:17 | Build | Farm |
| 25:17 | Build | Farm |
| 25:18 | Build | Farm |
| 25:18 | Build | Farm |
| 25:18 | Build | Farm |
| 25:18 | Build | Farm |
| 25:23 | Create | Villager (Male) |
| 25:23 | Create | Villager (Male) |
| 25:57 | Create | Villager (Male) |
| 25:57 | Create | Villager (Male) |
| 25:57 | Create | Villager (Male) |
| 26:08 | Build | House |
| 26:11 | Build | House |
| 26:12 | Build | House |
| 26:17 | Create | Villager (Male) |
| 26:17 | Create | Villager (Male) |
Build order — IcedTrain
First 150 of 751 actions detected
| 0:37 | Build | Town Center |
| 2:29 | Build | House |
| 2:41 | Research | Loom |
| 2:42 | Create | Villager (Male) |
| 2:42 | Create | Villager (Male) |
| 3:21 | Create | Villager (Male) |
| 3:35 | Create | Villager (Male) |
| 4:33 | Create | Villager (Male) |
| 4:33 | Create | Villager (Male) |
| 5:01 | Create | Villager (Male) |
| 5:01 | Create | Villager (Male) |
| 5:12 | Build | House |
| 5:37 | Create | Villager (Male) |
| 5:38 | Create | Villager (Male) |
| 5:38 | Create | Villager (Male) |
| 5:38 | Create | Villager (Male) |
| 5:56 | Build | House |
| 6:27 | Create | Villager (Male) |
| 6:28 | Create | Villager (Male) |
| 6:28 | Create | Villager (Male) |
| 6:28 | Create | Villager (Male) |
| 7:06 | Create | Villager (Male) |
| 7:06 | Create | Villager (Male) |
| 8:31 | Create | Villager (Male) |
| 8:31 | Create | Villager (Male) |
| 8:32 | Create | Villager (Male) |
| 8:32 | Create | Villager (Male) |
| 8:32 | Create | Villager (Male) |
| 8:59 | Create | Villager (Male) |
| 9:00 | Create | Villager (Male) |
| 9:42 | Create | Villager (Male) |
| 9:42 | Create | Villager (Male) |
| 9:42 | Create | Villager (Male) |
| 10:22 | Create | Villager (Male) |
| 10:22 | Create | Villager (Male) |
| 10:32 | Build | House |
| 10:37 | Build | House |
| 11:14 | Create | Villager (Male) |
| 12:18 | Create | Villager (Male) |
| 12:18 | Create | Villager (Male) |
| 13:25 | Create | Villager (Male) |
| 13:25 | Create | Villager (Male) |
| 13:47 | Build | Mining Camp |
| 13:56 | Build | Lumber Camp |
| 14:21 | Research | Feudal Age |
| 16:03 | Build | Mill |
| 16:22 | Build | Outpost |
| 16:31 | Age | Feudal Age |
| 16:35 | Create | Villager (Male) |
| 16:36 | Create | Villager (Male) |
| 16:36 | Create | Villager (Male) |
| 16:40 | Research | Wheelbarrow |
| 16:51 | Build | Market |
| 16:57 | Build | Blacksmith |
| 17:32 | Build | House |
| 17:34 | Build | House |
| 18:02 | Research | Castle Age |
| 18:23 | Research | Double-Bit Axe |
| 19:01 | Research | Horse Collar |
| 19:46 | Build | Mining Camp |
| 20:28 | Research | Stone Mining |
| 20:42 | Age | Castle Age |
| 20:47 | Build | Town Center |
| 21:08 | Build | Town Center |
| 21:17 | Create | Villager (Male) |
| 21:18 | Create | Villager (Male) |
| 21:33 | Research | Bow Saw |
| 21:38 | Research | Heavy Plow |
| 22:06 | Create | Villager (Male) |
| 22:07 | Create | Villager (Male) |
| 22:15 | Build | Farm |
| 22:17 | Build | Farm |
| 22:18 | Build | Farm |
| 22:19 | Build | Farm |
| 22:26 | Build | Farm |
| 22:30 | Build | Farm |
| 22:31 | Build | Farm |
| 22:33 | Build | Farm |
| 22:35 | Create | Villager (Male) |
| 22:36 | Create | Villager (Male) |
| 22:39 | Create | Villager (Male) |
| 22:40 | Create | Villager (Male) |
| 22:48 | Build | Farm |
| 22:49 | Build | Farm |
| 22:50 | Build | Farm |
| 22:51 | Build | Farm |
| 23:01 | Build | Farm |
| 23:03 | Build | Farm |
| 23:06 | Create | Villager (Male) |
| 23:09 | Create | Villager (Male) |
| 23:19 | Build | Farm |
| 23:25 | Build | Farm |
| 23:26 | Build | Farm |
| 23:32 | Build | House |
| 23:37 | Create | Villager (Male) |
| 23:39 | Create | Villager (Male) |
| 24:02 | Build | Town Center |
| 24:12 | Create | Villager (Male) |
| 24:14 | Create | Villager (Male) |
| 24:17 | Create | Villager (Male) |
| 24:21 | Create | Villager (Male) |
| 24:30 | Build | Farm |
| 24:31 | Build | Farm |
| 24:37 | Build | House |
| 24:39 | Build | House |
| 24:40 | Build | House |
| 24:49 | Build | Farm |
| 24:50 | Build | Farm |
| 24:52 | Build | Farm |
| 24:54 | Create | Villager (Male) |
| 24:57 | Create | Villager (Male) |
| 24:59 | Create | Villager (Male) |
| 25:00 | Create | Villager (Male) |
| 25:01 | Create | Villager (Male) |
| 25:09 | Build | Farm |
| 25:15 | Build | Farm |
| 25:26 | Build | House |
| 25:28 | Build | House |
| 25:31 | Build | House |
| 25:38 | Research | Town Watch |
| 25:42 | Create | Villager (Male) |
| 25:43 | Create | Villager (Male) |
| 25:47 | Create | Villager (Male) |
| 25:47 | Create | Villager (Male) |
| 26:02 | Build | Monastery |
| 26:05 | Create | Villager (Male) |
| 26:14 | Create | Villager (Male) |
| 26:16 | Create | Villager (Male) |
| 26:17 | Create | Villager (Male) |
| 26:17 | Create | Villager (Male) |
| 26:20 | Create | Villager (Male) |
| 26:20 | Create | Villager (Male) |
| 26:21 | Create | Villager (Male) |
| 26:35 | Research | Gold Mining |
| 26:38 | Create | Villager (Male) |
| 26:39 | Create | Villager (Male) |
| 26:52 | Build | Town Center |
| 26:59 | Create | Monk |
| 27:04 | Build | Farm |
| 27:09 | Create | Villager (Male) |
| 27:24 | Build | Outpost |
| 27:28 | Create | Villager (Male) |
| 27:30 | Create | Villager (Male) |
| 27:31 | Create | Villager (Male) |
| 27:32 | Create | Villager (Male) |
| 27:33 | Create | Villager (Male) |
| 27:34 | Create | Villager (Male) |
| 27:34 | Create | Villager (Male) |
| 27:35 | Create | Villager (Male) |
| 27:36 | Create | Villager (Male) |
Build order — crazyride888
First 150 of 539 actions detected
| 0:38 | Build | Town Center |
| 1:45 | Build | House |
| 2:54 | Research | Loom |
| 2:54 | Create | Villager (Male) |
| 2:54 | Create | Villager (Male) |
| 3:37 | Create | Villager (Male) |
| 3:37 | Create | Villager (Male) |
| 4:19 | Build | House |
| 4:35 | Build | House |
| 4:55 | Create | Villager (Male) |
| 4:55 | Create | Villager (Male) |
| 5:38 | Create | Villager (Male) |
| 6:04 | Build | House |
| 6:05 | Build | House |
| 6:15 | Create | Villager (Male) |
| 6:45 | Create | Villager (Male) |
| 7:01 | Build | Palisade Wall |
| 7:21 | Create | Villager (Male) |
| 7:37 | Build | Palisade Wall |
| 7:59 | Create | Villager (Male) |
| 7:59 | Create | Villager (Male) |
| 8:18 | Create | Villager (Male) |
| 8:21 | Build | House |
| 9:00 | Create | Villager (Male) |
| 9:00 | Create | Villager (Male) |
| 9:08 | Build | Lumber Camp |
| 9:43 | Create | Villager (Male) |
| 9:43 | Create | Villager (Male) |
| 9:48 | Build | Palisade Wall |
| 10:01 | Build | House |
| 10:12 | Create | Villager (Male) |
| 10:26 | Build | House |
| 10:28 | Create | Villager (Male) |
| 11:02 | Create | Villager (Male) |
| 11:10 | Build | Palisade Wall |
| 11:16 | Create | Villager (Male) |
| 11:37 | Build | Mill |
| 11:55 | Build | Mining Camp |
| 12:00 | Create | Villager (Male) |
| 12:48 | Create | Villager (Male) |
| 13:29 | Research | Feudal Age |
| 13:48 | Build | House |
| 14:09 | Build | House |
| 14:27 | Build | House |
| 15:27 | Build | Palisade Gate |
| 15:36 | Create | Villager (Male) |
| 15:39 | Age | Feudal Age |
| 15:40 | Build | Blacksmith |
| 15:49 | Build | Market |
| 15:54 | Create | Villager (Male) |
| 16:24 | Build | House |
| 16:25 | Build | Palisade Wall |
| 17:29 | Research | Castle Age |
| 17:33 | Build | Palisade Wall |
| 17:43 | Build | House |
| 18:45 | Research | Stone Mining |
| 19:37 | Create | Villager (Male) |
| 20:09 | Age | Castle Age |
| 20:15 | Create | Villager (Male) |
| 20:43 | Build | Castle |
| 20:52 | Create | Villager (Male) |
| 20:53 | Create | Villager (Male) |
| 21:12 | Create | Villager (Male) |
| 21:12 | Create | Villager (Male) |
| 21:15 | Build | Farm |
| 21:16 | Build | Farm |
| 21:17 | Build | Farm |
| 21:17 | Build | Farm |
| 21:21 | Research | Double-Bit Axe |
| 21:50 | Build | House |
| 21:51 | Build | House |
| 22:22 | Create | Villager (Male) |
| 22:25 | Build | Farm |
| 22:25 | Build | Farm |
| 22:27 | Build | Farm |
| 22:53 | Build | Watch Tower |
| 22:57 | Create | Villager (Male) |
| 23:12 | Build | Farm |
| 23:13 | Build | Farm |
| 23:14 | Build | Farm |
| 23:15 | Build | Farm |
| 23:17 | Build | Mill |
| 23:22 | Build | Farm |
| 23:28 | Create | Villager (Male) |
| 23:59 | Create | Villager (Male) |
| 24:19 | Create | Villager (Male) |
| 24:25 | Build | Farm |
| 24:26 | Build | Farm |
| 24:41 | Research | Gold Mining |
| 24:55 | Create | Villager (Male) |
| 25:00 | Build | Farm |
| 25:48 | Create | Villager (Male) |
| 25:51 | Build | Siege Workshop |
| 25:54 | Create | Villager (Male) |
| 26:09 | Build | Farm |
| 26:27 | Create | Villager (Male) |
| 26:34 | Research | Gold Shaft Mining |
| 26:37 | Research | Horse Collar |
| 26:52 | Create | Villager (Male) |
| 26:54 | Create | Villager (Male) |
| 27:18 | Build | Stone Wall |
| 27:23 | Create | Mangonel |
| 27:25 | Create | Villager (Male) |
| 27:44 | Research | Bow Saw |
| 28:10 | Create | Villager (Male) |
| 28:38 | Build | House |
| 28:39 | Build | House |
| 28:42 | Create | Villager (Male) |
| 28:45 | Build | Farm |
| 28:46 | Build | Farm |
| 28:47 | Build | Farm |
| 28:51 | Build | Farm |
| 28:54 | Create | Villager (Male) |
| 29:44 | Build | Farm |
| 29:47 | Build | Farm |
| 29:49 | Create | Villager (Male) |
| 30:06 | Build | Palisade Wall |
| 30:08 | Create | Villager (Male) |
| 30:21 | Build | Mill |
| 30:25 | Build | Farm |
| 30:46 | Research | Imperial Age |
| 31:09 | Build | Barracks |
| 31:11 | Create | Mangonel |
| 31:29 | Research | Forging |
| 31:30 | Research | Scale Mail Armor |
| 31:53 | Research | Squires |
| 31:53 | Research | Squires |
| 31:57 | Build | Barracks |
| 32:02 | Create | Spearman |
| 32:02 | Create | Spearman |
| 32:33 | Build | Stone Wall |
| 32:39 | Research | Pikeman (upgrade) |
| 32:39 | Research | Arson |
| 32:40 | Create | Spearman |
| 32:40 | Create | Spearman |
| 32:46 | Build | House |
| 32:47 | Build | House |
| 32:55 | Create | Villager (Male) |
| 33:03 | Build | Gate |
| 33:09 | Create | Spearman |
| 33:10 | Create | Spearman |
| 33:56 | Age | Imperial Age |
| 33:57 | Create | Trebuchet (Packed) |
| 33:57 | Create | Trebuchet (Packed) |
| 34:00 | Create | Villager (Male) |
| 34:31 | Create | Villager (Male) |
| 34:35 | Build | Stone Wall |
| 35:05 | Build | Town Center |
| 35:21 | Research | Halberdier (upgrade) |
| 35:22 | Create | Spearman |
Match timeline
| 7:01 | crazyride888 · wall_segment Palisade Wall x5 |
| 7:37 | crazyride888 · wall_segment Palisade Wall x4 |
| 7:54 | k103671 · wall_segment Palisade Wall x7 |
| 9:48 | crazyride888 · wall_segment Palisade Wall x7 |
| 11:10 | crazyride888 · wall_segment Palisade Wall x6 |
| 11:49 | tuankiet · first_building Barracks |
| 12:28 | k103671 · wall_segment Palisade Wall x12 |
| 12:46 | k103671 · wall_segment Palisade Wall x1 |
| 12:56 | k103671 · wall_segment Palisade Wall x4 |
| 13:30 | tuankiet · age_up feudal |
| 13:37 | tuankiet · first_building Stable |
| 13:58 | 阿翔悠 · wall_segment Palisade Wall x9 |
| 14:45 | 848438295 · first_building Barracks |
| 15:12 | 848438295 · age_up feudal |
| 15:39 | crazyride888 · age_up feudal |
| 15:58 | 阿翔悠 · wall_segment Palisade Wall x10 |
| 16:13 | 阿翔悠 · wall_segment Palisade Wall x6 |
| 16:24 | tuankiet · first_market_buy 100 food |
| 16:25 | crazyride888 · wall_segment Palisade Wall x1 |
| 16:27 | tuankiet · first_market_sell 100 wood |
| 16:31 | 阿翔悠 · age_up feudal |
| 16:31 | IcedTrain · age_up feudal |
| 16:33 | 阿翔悠 · wall_segment Palisade Wall x17 |
| 16:43 | k103671 · age_up feudal |
| 17:07 | 阿翔悠 · wall_segment Palisade Wall x3 |
| 17:33 | crazyride888 · wall_segment Palisade Wall x1 |
| 17:51 | k103671 · first_market_buy 100 food |
| 17:55 | k103671 · first_market_sell 100 wood |
| 19:48 | 阿翔悠 · first_market_buy 100 food |
| 19:54 | tuankiet · age_up castle |
| 20:06 | 848438295 · first_building Archery Range |
| 20:09 | crazyride888 · age_up castle |
| 20:13 | k103671 · wall_segment Stone Wall x5 |
| 20:13 | 848438295 · first_market_buy 500 food |
| 20:17 | 848438295 · first_market_sell 100 wood |
| 20:27 | k103671 · wall_segment Stone Wall x8 |
| 20:38 | k103671 · wall_segment Stone Wall x2 |
| 20:39 | k103671 · age_up castle |
| 20:42 | IcedTrain · age_up castle |
| 20:43 | crazyride888 · first_building Castle |
| 22:15 | 848438295 · wall_segment Stone Wall x9 |
| 22:30 | 阿翔悠 · age_up castle |
| 22:39 | 848438295 · first_building Stable |
| 22:49 | crazyride888 · first_market_buy 100 stone |
| 24:02 | k103671 · wall_segment Stone Wall x9 |
| 24:21 | 848438295 · age_up castle |
| 24:37 | 848438295 · first_building Siege Workshop |
| 25:51 | crazyride888 · first_building Siege Workshop |
| 26:02 | IcedTrain · first_building Monastery |
| 26:38 | k103671 · first_building Barracks |
| 27:18 | crazyride888 · wall_segment Stone Wall x1 |
| 27:32 | 848438295 · first_building Castle |
| 28:03 | tuankiet · first_building Monastery |
| 28:24 | 阿翔悠 · wall_segment Stone Wall x20 |
| 29:18 | IcedTrain · first_building Castle |
| 29:29 | 阿翔悠 · wall_segment Stone Wall x14 |
| 30:06 | crazyride888 · wall_segment Palisade Wall x1 |
| 30:07 | k103671 · first_building Castle |
| 31:07 | IcedTrain · first_building Siege Workshop |
| 31:09 | crazyride888 · first_building Barracks |
| 32:17 | 阿翔悠 · first_building Monastery |
| 32:23 | k103671 · wall_segment Stone Wall x6 |
| 32:33 | crazyride888 · wall_segment Stone Wall x5 |
| 33:04 | tuankiet · wall_segment Palisade Wall x5 |
| 33:10 | IcedTrain · first_building Barracks |
| 33:18 | k103671 · first_building Monastery |
| 33:55 | 阿翔悠 · first_market_sell 100 wood |
| 33:56 | crazyride888 · age_up imperial |
| 34:07 | tuankiet · age_up imperial |
| 34:30 | IcedTrain · first_building Archery Range |
| 34:35 | crazyride888 · wall_segment Stone Wall x5 |
| 34:36 | IcedTrain · first_building Stable |
| 34:36 | 阿翔悠 · first_building Castle |
| 34:42 | IcedTrain · age_up imperial |
| 35:12 | 阿翔悠 · wall_segment Stone Wall x9 |
| 35:39 | 阿翔悠 · wall_segment Stone Wall x1 |
| 36:01 | 阿翔悠 · first_building Barracks |
| 36:19 | crazyride888 · first_building Stable |
| 37:28 | 阿翔悠 · age_up imperial |
| 37:39 | k103671 · age_up imperial |
| 38:38 | crazyride888 · wall_segment Stone Wall x8 |
| 40:08 | 848438295 · age_up imperial |
| 41:15 | tuankiet · first_building Castle |
| 43:28 | tuankiet · resign |
| 44:29 | 848438295 · first_building Monastery |
| 45:49 | k103671 · wall_segment Stone Wall x9 |
| 45:51 | k103671 · wall_segment Stone Wall x4 |
| 46:01 | k103671 · wall_segment Stone Wall x2 |
| 46:05 | k103671 · wall_segment Stone Wall x4 |
| 46:06 | k103671 · wall_segment Stone Wall x8 |
| 46:18 | k103671 · tribute_sent a jugador 2 |
| 46:18 | k103671 · tribute_sent a jugador 3 |
| 46:18 | k103671 · tribute_sent a jugador 4 |
| 46:18 | k103671 · tribute_sent a jugador 5 |
| 46:18 | k103671 · tribute_sent a jugador 6 |
| 47:56 | crazyride888 · first_building Archery Range |
| 49:46 | k103671 · tribute_sent a jugador 2 |
| 49:46 | k103671 · tribute_sent a jugador 3 |
| 49:46 | k103671 · tribute_sent a jugador 4 |
| 49:46 | k103671 · tribute_sent a jugador 5 |
| 49:46 | k103671 · tribute_sent a jugador 6 |
| 52:00 | crazyride888 · first_market_sell 100 stone |
| 54:24 | 阿翔悠 · first_building Archery Range |
| 59:27 | k103671 · tribute_sent a jugador 2 |
| 59:27 | k103671 · tribute_sent a jugador 3 |
| 59:27 | k103671 · tribute_sent a jugador 4 |
| 59:27 | k103671 · tribute_sent a jugador 5 |
| 59:27 | k103671 · tribute_sent a jugador 6 |
| 61:16 | crazyride888 · wall_segment Stone Wall x1 |
| 61:19 | 阿翔悠 · tribute_sent a jugador 1 |
| 61:19 | 阿翔悠 · tribute_sent a jugador 2 |
| 61:19 | 阿翔悠 · tribute_sent a jugador 4 |
| 61:19 | 阿翔悠 · tribute_sent a jugador 5 |
| 61:19 | 阿翔悠 · tribute_sent a jugador 6 |
| 62:46 | crazyride888 · wall_segment Stone Wall x6 |
| 63:04 | k103671 · first_building Archery Range |
| 63:27 | k103671 · tribute_sent a jugador 2 |
| 63:27 | k103671 · tribute_sent a jugador 3 |
| 63:27 | k103671 · tribute_sent a jugador 4 |
| 63:27 | k103671 · tribute_sent a jugador 5 |
| 63:27 | k103671 · tribute_sent a jugador 6 |
| 67:22 | 阿翔悠 · tribute_sent a jugador 1 |
| 67:22 | 阿翔悠 · tribute_sent a jugador 2 |
| 67:22 | 阿翔悠 · tribute_sent a jugador 4 |
| 67:22 | 阿翔悠 · tribute_sent a jugador 5 |
| 67:22 | 阿翔悠 · tribute_sent a jugador 6 |
| 75:00 | crazyride888 · wall_segment Stone Wall x15 |
| 76:51 | k103671 · tribute_sent a jugador 2 |
| 76:51 | k103671 · tribute_sent a jugador 3 |
| 76:51 | k103671 · tribute_sent a jugador 4 |
| 76:51 | k103671 · tribute_sent a jugador 5 |
| 76:51 | k103671 · tribute_sent a jugador 6 |
| 77:01 | k103671 · tribute_sent a jugador 2 |
| 77:01 | k103671 · tribute_sent a jugador 3 |
| 77:01 | k103671 · tribute_sent a jugador 4 |
| 77:01 | k103671 · tribute_sent a jugador 5 |
| 77:01 | k103671 · tribute_sent a jugador 6 |
[ AI ANALYSIS · 1 CREDIT ]
What really happened in this match?
Wolo.gg analyzes every decision: build order, eco, micro, common mistakes by bracket. Personalized analysis on WhatsApp or Discord in 30 seconds.
Civ guide
Incas
Perfil
Jugador #5705245